 Dungeon Crawl Stone Soup version 0.20.0-15-g7f486f2 (webtiles) character file.

103 Omegatherion the Shield-Bearer (level 4, -6/28 HPs)
             Began as a Gargoyle Fighter on June 29, 2017.
             Killed by divine providence
             ... invoked by an orc priest
              (17 damage)
             ... on level 3 of the Dungeon.
             The game lasted 00:02:28 (1691 turns).

Omegatherion the Shield-Bearer (Gargoyle Fighter)   Turns: 1691, Time: 00:02:28

Health: -6/28      AC: 11    Str: 20    XL:     4   Next: 79%
Magic:  4/4        EV:  7    Int: 13    God:
Gold:   83         SH:  9    Dex:  9    Spells: 3/3 levels left

rFire    . . .     SeeInvis +   a - +0 flail
rCold    . . .     Gourm    .   c - +0 shield
rNeg     + . .     Faith    .   b - +0 scale mail
rPois    ∞         Spirit   .   (no helmet)
rElec    +         Reflect  .   (no cloak)
rCorr    .         Harm     .   l - +0 pair of gloves
MR       .....                  (no boots)
Stlth    ..........             (no amulet)
Regen    0.1/turn               g - +4 ring of intelligence
MPRegen  0.1/turn               n - ring of see invisible

@: no status effects
A: negative energy resistance 1, electricity resistance, unbreathing,
petrification resistance, rot immunity, AC +3
a: no special abilities


You were on level 3 of the Dungeon.
You were not hungry.

You visited 1 branch of the dungeon, and saw 3 of its levels.

You collected 83 gold pieces.

Inventory:

Hand Weapons
 a - a +0 flail (weapon)
Armour
 b - a +0 scale mail (worn)
 c - a +0 shield (worn)
 l - a +0 pair of gloves (worn)
Jewellery
 g - a +4 ring of intelligence (left hand)
 n - a ring of see invisible (right hand)
Wands
 p - a wand of random effects (22/48)
Scrolls
 e - a scroll of magic mapping {unknown}
 i - a scroll of amnesia {unknown}
 j - a scroll of enchant weapon {unknown}
 k - a scroll of blinking {unknown}
 q - a scroll of teleportation {unknown}
Potions
 d - a potion of might
 h - 2 potions of degeneration {unknown}
 m - 2 potions of lignification {unknown}
 o - 2 potions of agility {unknown}
Comestibles
 f - 4 bread rations


   Skills:
 - Level 3.2 Fighting
 + Level 3.4 Maces & Flails
 - Level 3.2 Armour
 + Level 5.0 Shields


You had 3 spell levels left.
You didn't know any spells.

Dungeon Overview and Level Annotations

Branches:
Dungeon (3/15)

Altars:
Ashenzari

Annotations:
D:3 odd2k's ghost, amateur DEWz


Innate Abilities, Weirdness & Mutations

You are resistant to torment.
Your stone body is resilient. (AC +3)
You are immune to poison.
You resist negative energy. (rN+)
You are resistant to electric shocks. (rElec)
You can survive without breathing.
You are immune to petrification.
You are immune to rotting.


Message History

You are too injured to fight recklessly!
You are too injured to fight recklessly!
You are too injured to fight recklessly!
You are too injured to fight recklessly!
You are too injured to fight recklessly!
You are too injured to fight recklessly!
You are too injured to fight recklessly!
You are too injured to fight recklessly!
You are too injured to fight recklessly!
You are too injured to fight recklessly!
You are too injured to fight recklessly!
You are too injured to fight recklessly!
You are too injured to fight recklessly!
You are too injured to fight recklessly!
You are too injured to fight recklessly!
The orc priest hits you with a flail. You block the orc's attack.
The orc priest invokes the aid of Beogh against you.
Beogh smites you!
Ouch! That really hurt!
You die...

.## #...# #..# .####
..#####.†.# ####..##.....
##....#...####............
#.†...............#......
#.(...............o......
#............(.(..o......
#....#...###....go.#.....
..##.##...###.#.#oo.# ...
.# #............@...# # .
#####........##..#
######.####..# #.# #..#
... ...# #.# #.# .#


You could see 2 orc priests, 3 orcs and a goblin.

Vanquished Creatures
  A worker ant (D:3)
  2 adders (D:2)
  An ooze (D:2)
  2 worms
  A dart slug (D:1)
  3 leopard geckos
  3 giant cockroaches
  8 goblins
  7 hobgoblins
  A ball python (D:2)
  3 bats
  4 frilled lizards
  6 kobolds
  7 rats
49 creatures vanquished.

Notes
Turn   | Place    | Note
-------+----------+-------------------------------------------
     0 | D:1      | Omegatherion the Gargoyle Fighter began the quest for the Orb.
     0 | D:1      | Reached XP level 1. HP: 14/14 MP: 1/1
   106 | D:1      | Reached XP level 2. HP: 12/19 MP: 2/2
   249 | D:1      | Reached skill level 4 in Shields
   554 | D:1      | Reached XP level 3. HP: 21/23 MP: 3/3
  1076 | D:2      | Found a faded altar of an unknown god.
  1126 | D:2      | Reached XP level 4. HP: 25/28 MP: 4/4
  1409 | D:2      | Found a shattered altar of Ashenzari.
  1617 | D:3      | Noticed odd2k's ghost (amateur DEWz)
  1674 | D:3      | Reached skill level 5 in Shields
  1691 | D:3      | Killed from afar by an orc priest

Skill      XL: |  1  2  3  4 |
---------------+-------------+-----
Shields        | 4 5 |  5.0
Maces & Flails | 3 |  3.4
Fighting       | |  3.2
Armour         | |  3.2

Action                   |  1- 3 |  4- 6 || total
-------------------------+-------+-------++-------
Melee: Flail             |   138 |    40 ||   178
  Eat: Chunk             |       |     3 ||     3
Armor: Scale mail        |    72 |    22 ||    94
Dodge: Dodged            |    40 |    13 ||    53
Block: Shield            |    71 |    25 ||    96
